 Dungeon Crawl Stone Soup version 0.20.1-1-g8b1a95d (webtiles) character file.

379 Nattfarinn the Skirmisher (level 6, -20/40 HPs)
             Began as a Gargoyle Berserker on Aug 5, 2017.
             Was a Believer of Trog.
             Demolished by an ogre
             ... wielding a +0 giant spiked club
              (23 damage)
             ... on level 4 of the Dungeon.
             The game lasted 00:05:59 (2822 turns).

Nattfarinn the Skirmisher (Gargoyle Berserker)      Turns: 2822, Time: 00:05:59

Health: -20/40     AC: 15    Str: 20    XL:     6   Next: 74%
Magic:  6/6        EV:  8    Int:  8    God:    Trog [**....]
Gold:   161        SH:  0    Dex: 11    Spells: 5/5 levels left

rFire    . . .     SeeInvis +   m - +2 hand axe (holy)
rCold    . . .     Gourm    .   (no shield)
rNeg     + . .     Faith    .   x - +0 chain mail (curse)
rPois    ∞         Spirit   .   y - +0 helmet
rElec    +         Reflect  .   s - +0 cloak
rCorr    .         Harm     .   (no gloves)
MR       .....                  (no boots)
Stlth    ..........             B - amulet of rage
Regen    0.2/turn               o - ring of see invisible
MPRegen  0.1/turn               (no ring)

@: berserk cooldown, slowed, very slow
A: negative energy resistance 1, electricity resistance, unbreathing,
petrification resistance, rot immunity, AC +4
a: Berserk, Trog's Hand, Burn Spellbooks, Renounce Religion, Evoke Berserk Rage


You were on level 4 of the Dungeon.
You worshipped Trog.
Trog was pleased with you.
You were not hungry.

You visited 1 branch of the dungeon, and saw 4 of its levels.

You collected 161 gold pieces.

Inventory:

Hand Weapons
 a - a +0 mace
 m - a +2 hand axe of holy wrath (weapon)
Armour
 b - a +0 animal skin
 f - a +0 chain mail
 s - a +0 cloak (worn)
 u - a +0 ring mail
 x - a cursed +0 chain mail (worn)
 y - a +0 helmet (worn)
Jewellery
 o - a ring of see invisible (left hand)
 z - an uncursed ring of protection from fire {unknown}
 B - an amulet of rage (around neck)
 F - a +3 ring of evasion {unknown}
Wands
 D - a wand of iceblast (3/15)
Scrolls
 h - a scroll of blinking {unknown}
 j - 2 scrolls of remove curse
 k - 2 scrolls of recharging
 l - 2 scrolls of enchant armour {unknown}
 p - 4 scrolls of identify {unknown}
 t - 2 scrolls of immolation {unknown}
 w - a scroll of fog {unknown}
 A - 2 scrolls of teleportation {unknown}
 C - a scroll of magic mapping {unknown}
Potions
 e - 2 potions of heal wounds {unknown}
 g - a potion of resistance {unknown}
 i - 2 potions of curing
 q - a potion of brilliance {unknown}
 r - 2 potions of ambrosia {unknown}
 v - a potion of magic {unknown}
 E - a potion of degeneration {unknown}
Books
 H - a book of Geomancy

   Spells                             Type                      Level
   a - Sandblast                      Earth                        1
   b - Passwall                       Transmutation/Earth          2
   c - Stone Arrow                    Conjuration/Earth            3
   d - Petrify                        Transmutation/Earth          4
   e - Lee's Rapid Deconstruction     Earth                        5
   Trog disapproves of the use of such an item.
Comestibles
 c - 2 bread rations
 d - 2 meat rations
 n - 4 royal jellies
 G - 3 chunks of flesh


   Skills:
 + Level 5.5 Fighting
 + Level 4.6(5.0) Axes
 - Level 3.0(4.4) Maces & Flails
 - Level 2.1 Armour
 - Level 1.5 Dodging


You had 5 spell levels left.
You didn't know any spells.

Dungeon Overview and Level Annotations

Branches:
Dungeon (4/15)
 Temple: D:4-7

Altars:
Dithmenos
Elyvilon
Gozag
Kikubaaqudgha
Makhleb
Nemelex Xobeh
Okawaru
Ru

Annotations:
D:4 Eustachio


Innate Abilities, Weirdness & Mutations

You are resistant to torment.
Your stone body is resilient. (AC +4)
You are immune to poison.
You resist negative energy. (rN+)
You are resistant to electric shocks. (rElec)
You can survive without breathing.
You are immune to petrification.
You are immune to rotting.


Message History

The rat twitches its whiskers.
The ogre barely misses you.
An orc comes into view. It is wielding a club.
The orc shouts!
Eustachio asks, "How can you live without manners, virtues and honour?"
The ogre hits you with a giant spiked club!!
Ouch! That really hurt!
* * * LOW HITPOINT WARNING * * *
The frilled lizard bites you but does no damage.
The frilled lizard bites you but does no damage.
The rat closely misses you.
Eustachio mumbles some strange words.
Eustachio blinks!
An orc comes into view. It is wielding a mace.
The orc shouts!
The orc moves out of view.
The frilled lizard bites you but does no damage.
The ogre hits you with a giant spiked club!!
Ouch! That really hurt!
You die...

#.......##########.###
#######...##.......#
#.§....#######
###.#...########
#................
#######...#######
#..r##..... #.....
#.Olr...... #.....#
#..@##.....
#.....####..>..o....
#............##.....
###.....###.####......
#.........#...........
#............####.. ..
#..........=.# #
#......<..####
#.........#


You could see an ogre, an orc, a frilled lizard and 2 rats.

Vanquished Creatures
  An ogre (D:4)
  Blork the orc (D:4)
  A howler monkey (D:4)
  A hound (D:4)
  Ijyb (D:3)
  A worker ant (D:4)
  An adder (D:3)
  An ooze (D:2)
  4 worms
  3 dart slugs (D:1)
  A leopard gecko (D:3)
  2 orcs (D:3)
  A ball python (D:1)
  6 bats
  2 giant cockroaches
  11 hobgoblins
  8 jackals
  7 frilled lizards
  14 goblins
  6 kobolds
  5 rats
78 creatures vanquished.

Notes
Turn   | Place    | Note
-------+----------+-------------------------------------------
     0 | D:1      | Nattfarinn the Gargoyle Berserker began the quest for the Orb.
     0 | D:1      | Reached XP level 1. HP: 14/14 MP: 1/1
   186 | D:1      | Reached XP level 2. HP: 20/20 MP: 2/2
   217 | D:1      | Reached skill level 4 in Fighting
   534 | D:1      | Reached XP level 3. HP: 23/24 MP: 3/3
   614 | D:2      | Found a burning altar of Makhleb.
   616 | D:2      | Found a shadowy altar of Dithmenos.
   617 | D:2      | Found an opulent altar of Gozag.
   617 | D:2      | Found an iron altar of Okawaru.
   618 | D:2      | Found a sacrificial altar of Ru.
   618 | D:2      | Found an ancient bone altar of Kikubaaqudgha.
   701 | D:2      | Found a sparkling altar of Nemelex Xobeh.
   708 | D:2      | Reached ** piety under Trog
   967 | D:2      | Reached skill level 1 in Axes
  1340 | D:2      | Found a white marble altar of Elyvilon.
  1504 | D:2      | Reached XP level 4. HP: 30/30 MP: 4/4
  2054 | D:3      | Reached skill level 5 in Fighting
  2094 | D:3      | Noticed Ijyb
  2112 | D:3      | Killed Ijyb
  2112 | D:3      | Reached XP level 5. HP: 35/35 MP: 5/5
  2656 | D:4      | Noticed Blork the orc
  2683 | D:4      | Killed Blork the orc
  2683 | D:4      | Reached XP level 6. HP: 40/40 MP: 6/6
  2763 | D:4      | Noticed Eustachio
  2820 | D:4      | HP: 2/40 [ogre/giant spiked club (25)]
  2822 | D:4      | Demolished by an ogre

Skill      XL: |  1  2  3  4  5 |
---------------+----------------+-----
Fighting       | 4 5 |  5.5
Axes           | 1 2 4 |  4.6
Maces & Flails | |  3.0
Armour         | |  2.1
Dodging        | |  1.5

Action                   |  1- 3 |  4- 6 || total
-------------------------+-------+-------++-------
Melee: Mace              |    43 |       ||    43
       Hand axe          |    92 |   131 ||   223
Invok: Berserk           |       |     3 ||     3
  Use: Scroll            |       |     2 ||     2
  Eat: Chunk             |     2 |     7 ||     9
Armor: Chain mail        |    56 |    97 ||   153
       Animal skin       |     3 |       ||     3
       Ring mail         |     6 |     7 ||    13
Dodge: Dodged            |    67 |    64 ||   131
